 Dungeon Crawl Stone Soup version 0.30-a0-782-ge64f9170bb (webtiles) character file.

Game seed: 2464001163751042616

426 funkygono the Chopper (level 6, -1/55 HPs)
             Began as a Minotaur Fighter on Mar 18, 2023.
             Slain by an orc wizard
             ... wielding a +0 dagger
              (4 damage)
             ... on level 3 of the Dungeon.
             The game lasted 00:02:52 (1755 turns).

funkygono the Chopper (Minotaur Fighter)            Turns: 1755, Time: 00:02:53

Health: -1/55      AC:  8    Str: 23    XL:     6   Next: 64%
Magic:  5/5        EV:  9    Int:  5    God:
Gold:   142        SH:  4    Dex:  9    Spells: 5/5 levels left

rFire   . . .      SeeInvis .    a - +0 war axe
rCold   . . .      Faith    .    c - +0 buckler
rNeg    . . .      Spirit   .    b - +0 scale mail
rPois   .          Reflect  .    (helmet restricted)
rElec   .          Harm     .    (no cloak)
rCorr   .          Rampage  .    (no gloves)
Will    +....                    f - +0 pair of boots Stlth
                                 (no amulet)
HPRegen 0.29/turn                g - ring of willpower
MPRegen 0.09/turn                (no ring)

@: mighty
A: horns 2, retaliatory headbutt
a: no special abilities


You were on level 3 of the Dungeon.
You visited 1 branch of the dungeon, and saw 3 of its levels.

You collected 142 gold pieces.

Inventory:

Hand Weapons
 a - a +0 war axe (weapon)
Armour
 b - a +0 scale mail (worn)
 c - a +0 buckler (worn)
 f - a +0 pair of boots (worn)
Jewellery
 g - a ring of willpower (left hand)
 l - an amulet of regeneration
Scrolls
 e - a scroll of immolation {unknown}
 h - a scroll of brand weapon {unknown}
 i - a scroll of identify {unknown}
 k - a scroll of teleportation {unknown}
 n - a scroll of noise {unknown}
 o - a scroll of magic mapping {unknown}
 r - a scroll of silence {unknown}
 t - a scroll of fog {unknown}
Potions
 j - a potion of curing {unknown}
 m - 2 potions of berserk rage {unknown}
 p - 2 potions of heal wounds {unknown}
 q - 2 potions of lignification {unknown}
 s - a potion of degeneration {unknown}


   Skills:
 + Level 4.9 Fighting
 + Level 5.7 Axes
 + Level 5.7 Armour
 + Level 1.2 Dodging
 + Level 0.1 Stealth
 + Level 4.5 Shields


You had 5 spell levels left.
You didn't know any spells.
Your spell library contained the following spells:

 Spells                   Type           Power      Damage    Failure   Level
 Ensorcelled Hibernation  Hex/Ice        0%         N/A       94%         2
 Spider Form              Tmut/Pois      0%         N/A       99%         3
 Anguish                  Hex/Necr       0%         N/A       100%        4


Dungeon Overview and Level Annotations

Branches:
Dungeon (3/15)

Altars:

Shops:
D:1 *   D:3 =


Innate Abilities, Weirdness & Mutations

You have a pair of horns on your head.
You reflexively headbutt those who attack you in melee.


Message History

Deactivating autopickup; reactivate with Ctrl-A.
You block the orc's attack.
You closely miss something. Something hits you but does no damage.
The orc hits you but does no damage.
You closely miss something. Something hits you but does no damage.
The orc closely misses you.
You barely miss something. Your headbutt misses something. Something hits you.
The orc hits you but does no damage. Something hits you.
The orc hits you from afar with a +0 trident.
You closely miss something.
You hear some strange, mumbled words.
A magic dart appears from out of thin air!
The magic dart hits you! You block the orc's attack.
You closely miss something. Your headbutt misses something.
You block something's attack. The orc closely misses you.
You miss something.
The orc hits you from afar with a +0 trident.
Something hits you but does no damage.
You closely miss something. Something hits you but does no damage.
You block the orc's attack. Something hits you but does no damage.
The orc hits you from afar with a +0 trident.
* * * LOW HITPOINT WARNING * * *
You miss something. Your headbutt misses something.
Something hits you but does no damage. You block the orc's attack.
You barely miss something. Something hits you but does no damage.
The orc hits you but does no damage.
You miss something. Something hits you but does no damage.
The orc hits you but does no damage.
You hit something but do no damage. Your headbutt misses something.
Something hits you.
* * * LOW HITPOINT WARNING * * *
You block the orc's attack. Something hits you but does no damage.
The orc hits you from afar with a +0 trident!
* * * LOW HITPOINT WARNING * * *
You feel very mighty all of a sudden. Something hits you.
* * * LOW HITPOINT WARNING * * *
The orc closely misses you.
You barely miss something. Your headbutt misses something. Something hits you.
You die...

#.#### # ## #.# #.
.. ..# #. #..#.# #.
...... #. .##
##..#.## #. ...
.∩...o .. ... #..#{#
... #..#@# # ...
#..#.#### (# ...
####.......######.#
###
..$................#
#..
######.#.##........#
#.. #.#...).......#
#.. #.#.###.......#
##.. #.#.#
#.).....###... #.#.#
#.............


You could see an orc.

Vanquished Creatures
  Sigmund (D:2)
  A hound (D:3)
  An orc priest (D:3)
  A jelly (D:2)
  An orc wizard (D:3)
  Natasha (thrice) (D:2)
  2 adders
  A worm (D:3)
  A dart slug (D:1)
  5 orcs (D:3)
  4 endoplasms
  2 giant cockroaches
  7 goblins
  5 hobgoblins
  4 jackals (D:1)
  2 quokkas
  6 bats
  4 frilled lizards
  8 kobolds
  9 rats
68 creatures vanquished.

Notes
Turn   | Place    | Note
-------+----------+-------------------------------------------
     0 | D:1      | funkygono the Minotaur Fighter began the quest for the Orb.
     0 | D:1      | Reached XP level 1. HP: 19/19 MP: 0/0
    20 | D:1      | Found Jeasapt's General Store.
    38 | D:1      | Reached XP level 2. HP: 27/27 MP: 1/1
   250 | D:1      | Reached XP level 3. HP: 33/33 MP: 2/2
   494 | D:2      | Noticed Sigmund
   499 | D:2      | Killed Sigmund
   500 | D:2      | Reached XP level 4. HP: 41/41 MP: 3/3
   500 | D:2      | Reached XP level 5. HP: 47/47 MP: 4/4
   767 | D:2      | Reached skill level 5 in Armour
  1019 | D:2      | Noticed Natasha
  1026 | D:2      | Killed Natasha
  1027 | D:2      | Reached XP level 6. HP: 46/53 MP: 5/5
  1166 | D:2      | Noticed Natasha
  1173 | D:2      | Killed Natasha
  1174 | D:2      | Reached skill level 5 in Axes
  1222 | D:2      | Noticed Natasha
  1230 | D:2      | Killed Natasha
  1552 | D:3      | Reached skill level 1 in Dodging
  1711 | D:3      | Found Cemat Ujo's Jewellery Shoppe.
  1755 | D:3      | Slain by an orc wizard

Illustrated notes

Levels and vault maps discovered:
D:1:      co_arrival_random_square_maze, layout_rooms, serial_shops, shop_coins
D:2:      layout_basic, uniq_natasha, uniq_sigmund
D:3:      layout_basic, nemelex_xobeh_ov_fountains_minmay, lemuel_crystal_altar,
          serial_shops, shop

Skill      XL: |  1  2  3  4  5  6 |
---------------+-------------------+-----
Armour         | 4 5 |  5.7
Fighting       | 4 |  4.9
Axes           | 4 5 |  5.7
Shields        | 4 |  4.5
Dodging        | 1 |  1.2
Stealth        | |  0.1

Action                     |  1- 3 |  4- 6 || total
---------------------------+-------+-------++-------
  Melee: War axe           |    41 |   108 ||   149
         Headbutt          |     3 |    14 ||    17
    Use: Potion            |       |     1 ||     1
 Armour: Scale mail        |    26 |    53 ||    79
  Dodge: Dodged            |    28 |    55 ||    83
  Block: Buckler           |    14 |    34 ||    48

Table legend: (Time is in decaauts)
 A = Elapsed time spent in this place.
 B = Non-inter-level travel time spent in this place.
 C = Inter-level travel time spent in this place.
 D = Time resting spent in this place.
 E = Time spent auto-exploring this place.
 F = Levels seen in this place.
 G = Mean time per level.
                   A        B        C        D        E       F      G
               +--------+--------+--------+--------+--------+-----+--------+
         Total |   1800 |   1772 |     28 |      0 |   1368 |   3 |  600.0 |
       Dungeon |   1800 |   1772 |     28 |      0 |   1368 |   3 |  600.0 |
               +--------+--------+--------+--------+--------+-----+--------+

Top non-repeatable levels by time:
     D:2: 1034 daAuts
     D:1: 507 daAuts
     D:3: 258 daAuts
